AoeStats
← feizda

Arabia

509074646Analyzed
1v1 RM · 6d ago on Sep 25, 2026· 43m 45s· 2 players
Game mode
Random Map
Map size
Tiny (2 player)
Population
200
Speed
Normal
Resources
Standard
Victory
Conquest
Starting age
Dark Age
Ending age
Imperial Age
RankedLock teamsTeams togetherTeam positionsShared explorationLock speedFull tech treeHidden civsTurbo modeCheats
Victory
Defeat
🇨🇳 Portuguese · China
1257
+16
🇬🇧 Japanese · United Kingdom
1267
-16
feizda
6:52 Loom
9:12 Feudal Age
9:49 Double-Bit Axe
13:09 Fletching
13:21 Horse Collar
17:19 Wheelbarrow
23:05 Castle Age
21:32 Town Watch
23:18 Crossbowman
23:20 Elite Skirmisher
23:59 Bodkin Arrow
24:06 Padded Archer Armor
24:58 Bow Saw
30:49 Hand Cart
31:20 Hand Cart
35:23 Imperial Age
34:35 Gold Mining
35:39 Arbalester
36:26 Thumb Ring
39:23 Ballistics
41:09 Chemistry
41:20 Bracer
41:36 Leather Archer Armor
42:26 Masonry
43:50 Murder Holes
jajc51990
6:45 Loom
9:44 Feudal Age
9:50 Man-at-Arms
10:27 Double-Bit Axe
11:51 Arson
15:20 Padded Archer Armor
16:50 Fletching
22:43 Castle Age
20:43 Horse Collar
21:11 Gold Mining
22:00 Bloodlines
23:40 Bodkin Arrow
24:32 Husbandry
25:11 Wheelbarrow
25:33 Bow Saw
27:59 Thumb Ring
28:05 Town Watch
32:23 Ballistics
33:29 Heavy Plow
33:10 Pikeman
39:08 Imperial Age
37:30 Leather Archer Armor
38:16 Hand Cart
38:38 Treadmill Crane
39:10 Masonry
40:09 Bracer
41:45 Kataparuto
43:43 Chemistry
43:18 Kataparuto
43:19 Conscription
43:14 Guard Tower
Connection lost

Rejoining the realm…

Still unreachable

The connection could not be restored.

Session expired

The server has moved on; the page needs a fresh start.